 Dungeon Crawl Stone Soup version 0.17.0-25-gefc9c12 (webtiles) character file.

98 Raultor the Insei (level 4, -1/28 HPs)
             Began as an Octopode Transmuter on Nov 18, 2015.
             Succumbed to a kobold's poison
             ... on level 3 of the Dungeon.
             The game lasted 00:07:20 (3200 turns).

Raultor the Insei (Octopode Transmuter)             Turns: 3200, Time: 00:07:20

Health: -1/28      AC:  1    Str:  9    XL:     4   Next: 71%
Magic:  5/7        EV: 13    Int: 15    God:
Gold:   52         SH:  0    Dex: 13    Spells: 2 memorised, 3 levels left

rFire  . . .     SeeInvis .       - Unarmed
rCold  . . .     Clarity  .     (no shield)
rNeg   . . .     SustAt   .     (helmet restricted)
rPois  .         Gourm    .     (no amulet)
rElec  .         Spirit   .     e - ring of wizardry
rCorr  .         Warding  .     (no ring)
rMut   .         Stasis   .     (no ring)
MR     .....                    (no ring)
Stlth  ++........               (no ring)
                                (no ring)
                                (no ring)
                                (no ring)

@: lethally poisoned (-1 -> -40), not resistant to hostile enchantments,
unstealthy
A: almost no armour, amphibious, 8 rings, constrict 8, camouflage 1, gelatinous
body 1
a: no special abilities


You were on level 3 of the Dungeon.
You were hungry.

You visited 1 branch of the dungeon, and saw 3 of its levels.

You collected 52 gold pieces.

Inventory:

Missiles
 a - 35 arrows
Armour
 k - a +0 buckler
Jewellery
 e - a ring of wizardry (left tentacle)
Scrolls
 f - a scroll of magic mapping {unknown}
 h - a scroll of recharging {unknown}
 j - a scroll of noise {unknown}
 l - a scroll of random uselessness {unknown}
 n - a scroll of immolation {unknown}
Books
 b - a book of Changes

   Spells                             Type                      Level
   a - Beastly Appendage              Transmutation                1
   b - Sticks to Snakes               Transmutation                2
   c - Spider Form                    Transmutation/Poison         3
   d - Ice Form                       Ice/Transmutation            4
   e - Blade Hands                    Transmutation                5
 g - a book of Party Tricks

   Spells                             Type                      Level
   a - Summon Butterflies             Summoning                    1
   b - Apportation                    Translocation                1
   c - Tukima's Dance                 Hexes                        3
   d - Alistair's Intoxication        Transmutation/Poison         4
   e - Invisibility                   Hexes                        6
Comestibles
 c - a bread ration
 d - a slice of pizza
 i - 4 fruits
 o - a meat ration


   Skills:
 + Level 1.4 Fighting
 + Level 2.8 Dodging
 + Level 3.7 Unarmed Combat
 - Level 2.0 Spellcasting
 * Level 3.4 Transmutations


You had 3 spell levels left.
You knew the following spells:

 Your Spells              Type           Power        Failure   Level  Hunger
a - Beastly Appendage     Trmt           ##....       3%          1    #......
b - Spider Form           Trmt/Pois      #.........   14%         3    ###....


Dungeon Overview and Level Annotations

Branches:
Dungeon (3/15)

Altars:

Annotations:
D:3 BLOAX's ghost, weakling VSTm


Innate Abilities, Weirdness & Mutations

You cannot wear most types of armour.
You are amphibious.
You can wear up to eight rings at the same time.
You can use your tentacles to constrict eight enemies at once.
Your skin changes colour to match your surroundings (Stealth).
Your rubbery body absorbs attacks (AC +1).


Message History

The quokka barely misses you.
You closely miss the quokka.
You feel very sick.
The kobold shoots a poisoned needle.
The poisoned needle misses you. The quokka barely misses you.
You are feeling hungry.
You hit the quokka but do no damage.
The quokka is poisoned.
You feel very sick.
The kobold shoots a poisoned needle.
The poisoned needle misses you. The quokka closely misses you.
You hit the quokka but do no damage.
The quokka looks even sicker.
Your transformation has ended.
* * * LOW HITPOINT WARNING * * *
You feel very sick.
The kobold shoots a poisoned needle.
The poisoned needle misses you. The quokka bites you.
* * * LOW HITPOINT WARNING * * *
You tentacle-slap the quokka. Your grab misses the quokka.
The quokka is heavily wounded.
You die...

....#.#.# #
...#.!....
#.....#.# .
#.....#.# ..
#.....#.##...
#..<..(....
##....##.#.
+.r.....#
#.@..####
.......†..#
........###
....K...#
........#
........#
........#
........#


You could see a quokka and a kobold.

Vanquished Creatures
  3 adders
  2 worms
  5 orcs (D:3)
  3 giant cockroaches
  9 goblins
  7 hobgoblins
  5 jackals (D:1)
  5 kobolds
  5 bats
  5 giant geckos
  4 giant newts
  4 rats
57 creatures vanquished.

Notes
Turn   | Place    | Note
--------------------------------------------------------------
     0 | D:1      | Raultor the Octopode Transmuter began the quest for the Orb.
     0 | D:1      | Reached XP level 1. HP: 13/13 MP: 3/3
   301 | D:1      | Reached XP level 2. HP: 13/18 MP: 5/5
   848 | D:1      | Reached XP level 3. HP: 14/23 MP: 6/6
  1000 | D:1      | Learned a level 3 spell: Spider Form
  2030 | D:2      | Reached XP level 4. HP: 18/28 MP: 7/7
  2535 | D:3      | Noticed BLOAX's ghost (weakling VSTm)
  3070 | D:3      | Noticed a phantom
  3199 | D:3      | HP: 1/28 [quokka (4)]
  3200 | D:3      | Succumbed to a kobold's poison

Action                   |  1- 3 |  4- 6 || total
-------------------------+-------+-------++-------
Melee: Unarmed           |    98 |    54 ||   152
 Cast: Spider Form       |     4 |     2 ||     6
  Use: Potion            |       |     4 ||     4
       Scroll            |       |     2 ||     2
 Stab: Sleeping          |     9 |     2 ||    11
       Distracted        |     1 |       ||     1
  Eat: Chunk             |     4 |     2 ||     6
       Pizza             |       |     1 ||     1
